 Dungeon Crawl Stone Soup version 0.29-a0-1016-g236c7fd91e (webtiles) character file.

Game seed: 16201654913412508126

169 ytrimaz the Chopper (level 5, -1/40 (41) HPs)
             Began as a Formicid Fighter on Aug 9, 2022.
             Slain by an orc
             ... wielding a +0 trident
              (6 damage)
             ... on level 4 of the Dungeon.
             The game lasted 00:02:31 (2642 turns).

ytrimaz the Chopper (Formicid Fighter)              Turns: 2642, Time: 00:02:31

HP:   -1/40 (41)    AC:  6    Str: 22    XL:     5   Next: 79%
MP:   5/5           EV:  9    Int:  8    God:
Gold: 162           SH:  5    Dex: 13    Spells: 4/4 levels left

rFire   . . .      SeeInvis +   a - +0 war axe
rCold   . . .      Faith    .   c - +0 buckler
rNeg    . . .      Spirit   .   b - +0 scale mail
rPois   .          Reflect  .   (helmet unavailable)
rElec   .          Harm     .   (no cloak)
rCorr   .          Rampage  .   (no gloves)
Will    .....                   (no boots)
Stlth   ..........              (no amulet)
HPRegen 0.13/turn               (no ring)
MPRegen 0.09/turn               (no ring)

@: lightly drained
A: permanent stasis, dig shafts and tunnels, antennae 3, four strong arms
a: Dig, Shaft Self


You were on level 4 of the Dungeon.
You visited 1 branch of the dungeon, and saw 4 of its levels.

You collected 162 gold pieces.

Inventory:

Hand Weapons
 a - a +0 war axe (weapon)
Armour
 b - a +0 scale mail (worn)
 c - a +0 buckler (worn)
Scrolls
 f - 2 scrolls of immolation
 j - 3 scrolls of enchant weapon
Potions
 d - a potion of might
 e - a potion of heal wounds
 g - a potion of invisibility {unknown}
 l - 2 potions of flight {unknown}
 m - a potion of degeneration {unknown}


   Skills:
 - Level 3.2 Fighting
 + Level 5.5 Axes
 - Level 3.2 Armour
 - Level 4.0 Shields


You had 4 spell levels left.
You didn't know any spells.
Your spell library was empty.

Dungeon Overview and Level Annotations

Branches:
Dungeon (4/15)
 Temple: D:4-7

Altars:

Shops:
D:3 :


Innate Abilities, Weirdness & Mutations

You cannot be hasted, slowed, berserked, paralysed or teleported.
You can dig through walls and to a lower floor.
You have a pair of large antennae on your head. (SInv)
Your four strong arms can wield two-handed weapons with a shield.


Message History

A kobold comes into view. It is wielding a +0 club.
The orc hits you with a +3 whip of flaming.
The orc burns you.
The kobold shouts!
You hit the orc.
The orc is heavily wounded.
The orc barely misses you.
You slash the orc!
You kill the orc!
The orc hits you from afar with a +0 trident!
The giant cockroach barely misses you.
You slash the giant cockroach!
You kill the giant cockroach!
The orc hits you from afar with a +0 trident.
The orc hits you with a +0 war axe of draining!
You feel drained.
Unknown command.
You closely miss the orc.
You are too injured to fight recklessly!
You hit the orc.
The orc is heavily wounded.
You are too injured to fight recklessly!
You slash the orc!
You kill the orc!
The orc barely misses you.
You are too injured to fight recklessly!
You slash the orc!
You kill the orc!
The orc hits you from afar with a +0 trident!
* * * LOW HITPOINT WARNING * * *
The kobold closely misses you.
The orc hits you from afar with a +0 trident.
* * * LOW HITPOINT WARNING * * *
You are too injured to fight recklessly!
You slash the kobold!
You kill the kobold!
The orc hits you from afar with a +0 trident.
* * * LOW HITPOINT WARNING * * *
The orc hits you from afar with a +0 trident.
You die...

###.###.####.#
#.).........# o#..
#..###.####.# .... ##..#
#.# #.# ..... ....# #.#
#.######.... . #...###.#
##.............
#.......###...#####.#....
#..######......###o......
(..# #>.....)@)o# #.##
#.....####...# #.#
........# #.## #.#
###.....# .# #.# #.....##
# ... #.##..# #... .. ...
.##B.# ###. .#


You could see 2 orcs.

Vanquished Creatures
  A scorpion (D:4)
  2 adders (D:2)
  2 worms
  2 dart slugs
  3 orcs (D:4)
  7 bats
  7 endoplasms
  4 giant cockroaches
  5 hobgoblins
  6 jackals
  3 quokkas
  8 ball pythons
  7 frilled lizards
  6 goblins
  6 kobolds
  7 rats
76 creatures vanquished.

Notes
Turn   | Place    | Note
-------+----------+-------------------------------------------
     0 | D:1      | ytrimaz the Formicid Fighter began the quest for the Orb.
     0 | D:1      | Reached XP level 1. HP: 18/18 MP: 1/1
   169 | D:1      | Reached XP level 2. HP: 24/24 MP: 2/2
   396 | D:1      | Found a faded altar of an unknown god.
   406 | D:1      | Reached skill level 3 in Axes
   417 | D:1      | You fall into a shaft and drop 1 floor!
   457 | D:2      | Reached XP level 3. HP: 25/29 MP: 3/3
  1120 | D:2      | Reached skill level 4 in Axes
  1120 | D:2      | Reached XP level 4. HP: 34/35 MP: 4/4
  1776 | D:3      | Found Tubu's Book Shoppe.
  2415 | D:4      | Noticed a scorpion
  2424 | D:4      | Killed a scorpion
  2425 | D:4      | Reached skill level 5 in Axes
  2425 | D:4      | Reached XP level 5. HP: 31/41 MP: 5/5
  2642 | D:4      | Slain by an orc

Illustrated notes

Levels and vault maps discovered:
D:1:      minmay_arrival_shattered_statue, layout_loops_cross,
          shapermc_ecumenical_altar_starsandcircs, minmay_lizard_pond
D:2:      layout_rooms
D:3:      layout_rooms, serial_shops, nicolae_shop_crystal, minmay_misc_feat_x,
          nicolae_underground_beach
D:4:      layout_loops_ring, lemuel_crystal_altar,
          nicolae_overflow_crystal_walls

Skill      XL: |  1  2  3  4 |
---------------+-------------+-----
Axes           | 3 4 5 |  5.5
Fighting       | |  3.2
Armour         | |  3.2
Shields        | |  4.0

Action                   |  1- 3 |  4- 6 || total
-------------------------+-------+-------++-------
Melee: War axe           |   112 |    73 ||   185
  Use: Scroll            |       |     7 ||     7
       Potion            |       |     1 ||     1
Armor: Scale mail        |    70 |    40 ||   110
Dodge: Dodged            |    74 |    46 ||   120
Block: Buckler           |    40 |    21 ||    61

Table legend: (Time is in decaauts)
 A = Elapsed time spent in this place.
 B = Non-inter-level travel time spent in this place.
 C = Inter-level travel time spent in this place.
 D = Time resting spent in this place.
 E = Time spent auto-exploring this place.
 F = Levels seen in this place.
 G = Mean time per level.
                   A        B        C        D        E       F      G
               +--------+--------+--------+--------+--------+-----+--------+
         Total |   2706 |   2644 |     62 |    105 |   2012 |   4 |  676.5 |
       Dungeon |   2706 |   2644 |     62 |    105 |   2012 |   4 |  676.5 |
               +--------+--------+--------+--------+--------+-----+--------+

Top non-repeatable levels by time:
     D:1: 954 daAuts
     D:2: 871 daAuts
     D:3: 640 daAuts
     D:4: 239 daAuts
